 Dungeon Crawl Stone Soup version 0.27.1 (webtiles) character file.

Game seed: 16697067449063460732

25 ZARRMARR the Ruffian (level 2, -2/29 HPs)
             Began as a Troll Monk on Sept 3, 2021.
             Slain by a hobgoblin (3 damage)
             ... led by Robin
             ... on level 2 of the Dungeon.
             The game lasted 00:01:53 (323 turns).

ZARRMARR the Ruffian (Troll Monk)                    Turns: 323, Time: 00:01:54

Health: -2/29      AC:  4    Str: 18    XL:     2   Next: 86%
Magic:  1/1        EV: 10    Int:  6    God:
Gold:   24         SH:  0    Dex: 12    Spells: 1/1 levels left

rFire    . . .     SeeInvis .     - Unarmed
rCold    . . .     Faith    .   (no shield)
rNeg     . . .     Spirit   .   a - +0 robe
rPois    .         Reflect  .   (helmet restricted)
rElec    .         Harm     .   (no cloak)
rCorr    .         Rampage  .   (gloves unavailable)
Will     .....                  (boots unavailable)
Stlth    ++........             (no amulet)
HPRegen  1.09/turn              (no ring)
MPRegen  0.07/turn              (no ring)

@: no status effects
A: large, unfitting armour, claws 3, regeneration 1, shaggy fur 1, tough skin 1
a: no special abilities


You were on level 2 of the Dungeon.
You visited 1 branch of the dungeon, and saw 2 of its levels.

You collected 24 gold pieces.

Inventory:

Armour
 a - a +0 robe (worn)
Scrolls
 b - a scroll of silence {unknown}
 c - a scroll of fear {unknown}
Potions
 d - a potion of heal wounds {unknown}
 e - a potion of curing {unknown}


   Skills:
 - Level 2.7 Fighting
 - Level 2.5 Dodging
 - Level 1.0 Stealth
 + Level 3.6 Unarmed Combat


You had one spell level left.
You didn't know any spells.
Your spell library was empty.

Dungeon Overview and Level Annotations

Branches:
Dungeon (1/15)

Altars:

Shops:
D:1 :

Annotations:
D:2 Robin


Innate Abilities, Weirdness & Mutations

You are too large for most types of armour.
You have claws for hands.
Your natural rate of healing is unusually fast.
You are covered in fur. (AC +1)
You have tough skin. (AC +1)


Message History

You kill the goblin!
You miss the goblin.
A goblin comes into view. It is wielding a +0 club.
The goblin hits you but does no damage.
You claw the goblin!
You kill the goblin!
Robin throws the goblin at you! The goblin barely misses you.
A hobgoblin comes into view.
You claw the hobgoblin!
You kill the hobgoblin!
Robin roars a battlecry!
The goblins go into a battle-frenzy!
The goblin unwields a +0 club.
The goblin wields a +0 hunting sling.
The goblin shoots a stone.
The stone misses you.
The stone barely misses the goblin.
The goblin hits you with a +0 club.
You closely miss the goblin. The goblin closely misses you.
The goblin hits you with a +0 dagger.
You closely miss the goblin. The goblin hits you with a +0 club.
The goblin closely misses you.
You barely miss the goblin. The goblin hits you but does no damage.
You claw the goblin!
You kill the goblin!
The goblin shoots a stone.
The stone barely misses you.
A goblin comes into view. It is wielding a +0 club.
The goblin hits you with a +0 club.
A hobgoblin comes into view.
You claw the goblin!
You kill the goblin!
The goblin shoots a stone.
The stone hits you. Robin throws the goblin at you!
The goblin hits you but does no damage. The goblin hits you with a +0 club.
* * * LOW HITPOINT WARNING * * *
The goblin unwields a +0 hunting sling.
The goblin wields a +0 club.
The goblin hits you with a +0 club.
* * * LOW HITPOINT WARNING * * *
The hobgoblin hits you.
* * * LOW HITPOINT WARNING * * *
Items here: )))) †††.
You barely miss the goblin. The goblin closely misses you.
The hobgoblin hits you.
You die...

#.. #.# #.# #.#
#############.##.##.
g....^#.............
#........###.###
####...####># ..
#g@gg....##.# ##
#..ggg##...#<....
##.### #........## #
>..#####.# ###.. ..#
#### ##


You could see 3 hobgoblins and 3 goblins.

Vanquished Creatures
  A dart slug (D:1)
  A ball python (D:1)
  2 bats (D:1)
  2 endoplasms (D:1)
  A giant cockroach (D:1)
  5 goblins
  2 hobgoblins
  3 kobolds (D:1)
  A quokka (D:1)
  A frilled lizard (D:2)
  A rat (D:1)
20 creatures vanquished.

Notes
Turn   | Place    | Note
-------+----------+-------------------------------------------
     0 | D:1      | ZARRMARR the Troll Monk began the quest for the Orb.
     0 | D:1      | Reached XP level 1. HP: 22/22 MP: 0/0
    85 | D:1      | Reached XP level 2. HP: 29/29 MP: 1/1
   124 | D:1      | Found a faded altar of an unknown god.
   163 | D:1      | Found Rauhejo's Book Shop.
   298 | D:1      | You fall into a shaft and drop 1 floor!
   312 | D:2      | Noticed Robin
   322 | D:2      | HP: 1/29 [hobgoblin[Robin] (6)]
   323 | D:2      | Slain by a hobgoblin

Illustrated notes

Levels and vault maps discovered:
D:1:      lightli_arrival_chessboard, layout_basic,
          ebering_ecumenical_altar_hall, serial_shops, shop_statue,
          nicolae_shop_window_shopping, minmay_misc_feat_iff
D:2:      layout_loops_cross, dk_noncrumbling_4, uniq_natasha, uniq_robin

Action                   || total
-------------------------++-------
Melee: Unarmed           ||    42
       Punch             ||     1
 Stab: Sleeping          ||     1
Armor: Robe              ||    18
Dodge: Dodged            ||    31
